 Dungeon Crawl Stone Soup version 0.13-a0-2133-ge955d09 (webtiles) character file.

12551 Grabo the Martial Artist (level 11, -1/78 HPs)
             Began as a Pale Draconian Transmuter on June 28, 2013.
             Was a High Priest of Okawaru.
             Slain by a trapdoor spider (5 damage)
             ... on Level 11 of the Dungeon.
             The game lasted 00:48:50 (12317 turns).

Grabo the Martial Artist (DrTm)                    Turns: 12317, Time: 00:48:51

HP  -1/78        AC 17     Str 12      XL: 11   Next: 56%
MP  15/16        EV 12     Int 16      God: Okawaru [*****.]
Gold 601         SH  0     Dex 19      Spells:  4 memorised,  1 level left

Res.Fire  : . . .   See Invis. : .     - Unarmed
Res.Cold  : . . .   Warding    : .   (armour unavailable)
Life Prot.: + . .   Conserve   : .   (no shield)
Res.Poison: .       Res.Corr.  : .   (helmet restricted)
Res.Elec. : .       Clarity    : .   A - +2 cloak
Sust.Abil.: . .     Spirit.Shd : .   F - +1 pair of gloves "Fyhin" {rN+ Int+3}
Res.Mut.  : .       Stasis     : .   (boots unavailable)
Res.Rott. : .       Flight     : .   o - amulet of the gourmand
Gourmand  : +                        r - +5 ring of protection
                                     l - +3 ring of dexterity

@: appendage, mildly poisoned, somewhat resistant to hostile enchantments,
unstealthy
A: breathe steam, unfitting armour, talons 3, AC +7
a: Breathe Steam, End Transformation, Heroism, Finesse, Renounce Religion


You were on level 11 of the Dungeon.
You worshipped Okawaru.
Okawaru was exalted by your worship.
You were very full.
You had grown temporary talons.
You visited 2 branches of the dungeon, and saw 13 of its levels.

You collected 647 gold pieces.
You spent 66 gold pieces at shops.

Inventory:

Missiles
 g - 12 darts (quivered)
 D - 23 stones
Armour
 A - a +2 cloak (worn)
 F - the +1 pair of gloves "Fyhin" (worn) {rN+ Int+3}
   (You acquired it on level 9 of the Dungeon)

   It affects your intelligence (+3).
   It protects you from negative energy.
Magical devices
 b - a wand of magic darts (10)
 q - a wand of fireball (6)
 t - a wand of disintegration (6)
 E - a wand of enslavement (3)
 Q - a wand of confusion (18)
Comestibles
 a - 7 bread rations
 f - 4 meat rations
 n - a slice of pizza
 u - 6 beef jerkies
 H - 2 apples
 L - an orange
 V - 2 rotting chunks of yak flesh
Scrolls
 v - 4 scrolls of fog
 y - 5 scrolls of teleportation
 z - 5 scrolls of remove curse
 G - a scroll of enchant weapon II
 N - a scroll of recharging {unknown}
 O - 2 scrolls of fear
 P - a scroll of blinking
 R - a scroll of amnesia
 T - a scroll of enchant armour
Jewellery
 l - a +3 ring of dexterity (left hand)
 o - an amulet of the gourmand (around neck)
 r - a +5 ring of protection (right hand)
 s - an uncursed amulet of resist corrosion {unknown}
 w - an uncursed amulet of stasis
 B - an uncursed ring of poison resistance
Potions
 c - a potion of berserk rage
 e - 3 potions of magic
 h - 7 potions of curing
 i - a potion of speed
 j - 2 potions of resistance
 k - 2 potions of restore abilities
 x - 4 potions of might
 C - 3 potions of brilliance
 I - 3 potions of agility
 J - a potion of mutation
 K - a potion of invisibility
 M - 3 potions of heal wounds
Books
 d - a book of Changes

   Spells                             Type                      Level
   *Beastly Appendage                 Transmutation                1
   Sticks to Snakes                   Transmutation                2
   *Spider Form                       Transmutation/Poison         3
   *Ice Form                          Ice/Transmutation            4
   *Blade Hands                       Transmutation                5
 m - a book of the Earth

   Spells                             Type                      Level
   Dig                                Earth                        4
   Leda's Liquefaction                Hexes/Earth                  4
   Bolt of Magma                      Conjuration/Fire/Earth       5
   Statue Form                        Transmutation/Earth          6
   Iron Shot                          Conjuration/Earth            6
   Shatter                            Earth                        9
 S - a Young Poisoner's Handbook

   Spells                             Type                      Level
   Sting                              Conjuration/Poison           1
   Cure Poison                        Poison                       2
   Mephitic Cloud                     Conjuration/Poison/Air       3
   Olgreb's Toxic Radiance            Poison                       4
   Venom Bolt                         Conjuration/Poison           5
Magical staves
 p - an uncursed staff of death {unknown}


   Skills:
 - Level 1.1 Fighting
 - Level 1.7 Dodging
 + Level 13.3 Unarmed Combat
 - Level 2.0 Spellcasting
 + Level 13.2 Transmutations


You had one spell level left.
You knew the following spells:

 Your Spells              Type           Power        Failure   Level  Hunger
a - Beastly Appendage     Trmt           #####.       1%          1    #......
b - Spider Form           Trmt/Pois      ###.......   4%          3    ####...
c - Blade Hands           Trmt           #####.....   2%          5    ######.
d - Ice Form              Ice/Trmt       ###.......   14%         4    #####..


Dungeon Overview and Level Annotations

Branches:
Dungeon (12/27)            Temple (1/1) D:5             Orc (0/4) D:8
   Lair: D:8-13

Altars:
Cheibriados
Kikubaaqudgha
Makhleb
Nemelex Xobeh
Okawaru
Sif Muna
Xom
Yredelemnul
Zin

Shops:
D:5: [ D:6: ?


Innate Abilities, Weirdness & Mutations

You can breathe blasts of scalding steam.*
Your pale cyan-grey scales are hard (AC +7).*
Your body does not fit into most forms of armour.
Your cold-blooded metabolism reacts poorly to cold.
You have claws for feet.*


Message History

The trapdoor spider poisons you!
You barely miss the trapdoor spider.
You punch the trapdoor spider, but do no damage.
The trapdoor spider is almost dead.
You feel sick. It hits you but does no damage. The trapdoor spider bites you!
* * * LOW HITPOINT WARNING * * *
You are more poisoned.
The trapdoor spider poisons you!
Drink which item? (? for menu, Esc to quit)
You feel better. The trapdoor spider bites you!
* * * LOW HITPOINT WARNING * * *
You are poisoned.
The trapdoor spider poisons you!
You closely miss the trapdoor spider. Your kick misses the trapdoor spider.
Your punch misses the trapdoor spider.
The trapdoor spider is almost dead.
* * * LOW HITPOINT WARNING * * *
You feel sick. It hits you but does no damage. It hits you but does no damage.
The trapdoor spider bites you.
You die...

...#.....##....................##
.........>#.##.................##
.....................>..###.....#
........................###.....#
.......................###.......
.....#.....###.#.#.....####......
.....#.....##....#......##..<..#.
.....................#.###.....#.
....).#...#.....@#..#### #######.
......#..#######s#### ##
.........## ### .###......# ##
##....## #...## ##.## ###


You could see a trapdoor spider.

Vanquished Creatures
  Nergalle (D:11)
  4 hill giants
  A hill giant zombie (D:10)
  2 trolls
  A two-headed ogre (D:7)
  8 yaks (D:11)
  2 wraiths (D:7)
  A wyvern (D:11)
  3 hippogriffs
  A mottled dragon (D:11)
  4 ice beasts
  3 sky beasts
  A necrophage (D:10)
  6 orc warriors
  6 ogres
  A troll zombie (D:7)
  3 phantoms (D:10)
  The ghost of Illaniel the Charmwright, an average HESk of Zin (D:3)
  8 centaurs
  A big kobold (D:10)
  2 wargs (D:8)
  8 giant frogs
  An agate snail (D:7)
  A spectral orc (D:11)
  5 killer bees (D:7)
  2 sky beast zombies (D:7)
  4 hounds
  9 crimson imps
  9 orc priests
  2 quasits (D:11)
  5 human zombies (D:7)
  An ogre zombie (D:7)
  Crazy Yiuf (D:3)
  A gnoll shaman (D:8)
  4 worker ants
  2 iguanas
  20 orc wizards
  4 scorpions
  Ijyb (D:3)
  A jelly (D:8)
  Terence (D:3)
  2 mummies (D:7)
  11 adders
  3 gnolls (D:8)
  A giant centipede (D:10)
  2 giant mites
  An inept item mimic (D:8)
  4 worms
  A gnoll zombie (D:7)
  3 giant eyeballs
  9 giant geckos
  A gnoll skeleton (D:5)
  2 oozes
  29 orcs
  5 giant cockroaches
  9 goblins
  14 hobgoblins
  11 jackals
  25 kobolds
  A ball python (D:2)
  14 bats
  4 giant newts (D:1)
  2 giant spores
  A hobgoblin skeleton (D:8)
  A hobgoblin zombie (D:7)
  A kobold skeleton (D:5)
  2 orc skeletons
  An orc zombie (D:7)
  2 quokkas
  18 rats
  5 ballistomycetes
  A plant (D:3)
328 creatures vanquished.

Vanquished Creatures (others)
  A giant frog skeleton (D:7)
  An adder (D:3)
  An orc (D:4)
  2 goblins
  A kobold (D:8)
  A rat (D:5)
7 creatures vanquished.

Grand Total: 335 creatures vanquished

Notes
Turn   | Place    | Note
--------------------------------------------------------------
     0 | D:1      | Grabo, the Draconian Transmuter, began the quest for the Orb.
     0 | D:1      | Reached XP level 1. HP: 16/16 MP: 1/1
   126 | D:1      | Reached XP level 2. HP: 21/23 MP: 3/3
   605 | D:2      | Reached XP level 3. HP: 25/28 MP: 2/4
   956 | D:2      | Found a snail-covered altar of Cheibriados.
  1473 | D:3      | Reached XP level 4. HP: 35/35 MP: 6/6
  1478 | D:3      | Reached skill level 4 in Unarmed Combat
  1533 | D:3      | Noticed Terence
  1576 | D:2      | Learned a level 3 spell: Spider Form
  1919 | D:3      | Noticed Ijyb
  1942 | D:3      | Killed Ijyb
  2025 | D:3      | Found a shimmering altar of Xom.
  2461 | D:3      | Noticed Crazy Yiuf
  2480 | D:3      | Killed Crazy Yiuf
  2480 | D:3      | Reached XP level 5. HP: 29/40 MP: 4/7
  2902 | D:3      | Noticed Illaniel's ghost (average HESk)
  2922 | D:3      | Killed Illaniel's ghost
  2922 | D:3      | Reached skill level 5 in Unarmed Combat
  2922 | D:3      | Reached XP level 6. HP: 41/47 MP: 9/9
  2933 | D:4      | Found an iron altar of Okawaru.
  2940 | D:4      | Became a worshipper of Warmaster Okawaru
  3042 | D:4      | Found a burning altar of Makhleb.
  3348 | D:3      | Killed Terence
  3348 | D:3      | Reached skill level 5 in Transmutations
  3983 | D:5      | Entered Level 5 of the Dungeon
  3992 | D:5      | Reached skill level 6 in Unarmed Combat
  3992 | D:5      | Your scales start fading to a pale cyan-grey colour.
  3992 | D:5      | Reached XP level 7. HP: 36/52 MP: 8/10
  4259 | D:5      | Found Irepoxar's Antique Armour Shoppe.
  4449 | D:5      | Found a staircase to the Ecumenical Temple.
  4495 | Temple   | Entered the Ecumenical Temple
  4793 | D:5      | Acquired Okawaru's first power
  5118 | D:6      | Reached skill level 7 in Unarmed Combat
  5118 | D:6      | Reached XP level 8. HP: 51/60 MP: 9/12
  5223 | D:6      | Found Ytustit's Magic Scroll Emporium.
  5232 | D:6      | Bought a scroll of identify for 22 gold pieces
  5232 | D:6      | Bought a scroll of identify for 22 gold pieces
  5232 | D:6      | Bought a scroll of identify for 22 gold pieces
  5519 | D:6      | Reached skill level 8 in Unarmed Combat
  5810 | D:7      | Reached XP level 9. HP: 66/66 MP: 13/13
  5856 | D:7      | Found a glowing silver altar of Zin.
  5856 | D:7      | Found a sparkling altar of Nemelex Xobeh.
  6370 | D:7      | HP: 3/66 [poisoned by an orc]
  6375 | D:7      | HP: 3/66 [poisoned by an orc]
  6377 | D:7      | HP: 1/66 [poisoned by an orc]
  6402 | D:7      | Reached skill level 9 in Unarmed Combat
  6794 | D:7      | Noticed a two-headed ogre
  6801 | D:7      | Killed a two-headed ogre
  6976 | D:7      | Found a snail-covered altar of Cheibriados.
  7122 | D:7      | Found a basalt altar of Yredelemnul.
  7366 | D:8      | Reached skill level 10 in Unarmed Combat
  7450 | D:8      | Learned a level 5 spell: Blade Hands
  7788 | D:8      | Reached XP level 10. HP: 36/72 MP: 12/15
  7969 | D:8      | Reached skill level 10 in Transmutations
  8077 | D:8      | Found an ancient bone altar of Kikubaaqudgha.
  8118 | D:8      | Found a staircase to the Orcish Mines.
  8399 | D:8      | Found a deep blue altar of Sif Muna.
  8476 | D:8      | Identified a scroll of acquirement
  9202 | D:9      | Reached skill level 11 in Unarmed Combat
 10073 | D:10     | Entered Level 10 of the Dungeon
 10124 | D:9      | Got a pair of distressingly furry gloves
 10125 | D:9      | Identified the +1 pair of gloves "Fyhin" {rN+ Int+3} (You acquired it on level 9 of the Dungeon)
 10362 | D:10     | Noticed a hill giant
 10373 | D:10     | Killed a hill giant
 10373 | D:10     | Acquired Okawaru's second power
 10425 | D:10     | Reached skill level 12 in Unarmed Combat
 10577 | D:10     | Reached XP level 11. HP: 55/78 MP: 11/16
 10655 | D:10     | Noticed a hill giant
 10662 | D:10     | Killed a hill giant
 10836 | D:11     | Noticed a hill giant
 10845 | D:11     | Killed a hill giant
 10939 | D:11     | Noticed a hill giant
 10954 | D:11     | Killed a hill giant
 11347 | D:11     | Noticed Nergalle
 11358 | D:11     | Killed Nergalle
 11365 | D:11     | Reached skill level 13 in Unarmed Combat
 12200 | D:11     | Learned a level 4 spell: Ice Form
 12317 | D:11     | HP: 3/78 [poisoned by a trapdoor spider]
 12317 | D:11     | Slain by a trapdoor spider

Action                   |  1- 3 |  4- 6 |  7- 9 | 10-12 || total
-------------------------+-------+-------+-------+-------++-------
Melee: Unarmed           |   168 |   297 |   529 |   444 ||  1438
Throw: Dart              |       |     2 |     9 |    12 ||    23
 Cast: Beastly Appendage |     1 |    11 |    12 |     7 ||    31
       Spider Form       |       |     2 |     4 |       ||     6
       Blade Hands       |       |       |       |    12 ||    12
Invok: Heroism           |       |       |     1 |       ||     1
 Abil: Breathe Steam     |       |       |    12 |    18 ||    30
       End Transformatio |       |       |     1 |       ||     1
Evoke: Wand              |     1 |       |     7 |     1 ||     9
  Use: Scroll            |       |    17 |    11 |     6 ||    34
       Potion            |       |       |     4 |     1 ||     5
 Stab: Sleeping          |     1 |       |     2 |     1 ||     4
       Distracted        |       |       |     1 |       ||     1
